 Dungeon Crawl Stone Soup version 0.31-a0-1525-g4574a07 (webtiles) character file.

Game seed: 3167839432230919549

36758 EngineV8 the Skirmisher (level 13, -2/107 HPs)
             Began as a Demigod Delver on Dec 27, 2023.
             Succumbed to Nessos's poison
             ... on level 15 of the Dungeon on Dec 30, 2023.
             The game lasted 01:16:09 (18105 turns).

EngineV8 the Skirmisher (Demigod Delver)           Turns: 18105, Time: 01:16:10

Health: -2/107     AC: 12    Str: 15    XL:     13   Next: 23%
Magic:  19/26      EV: 21    Int: 26    God:
Gold:   1009       SH:  0    Dex: 23    Spells: 2/24 levels left

rFire   . . .        a - +0 orcbow
rCold   . . .        (shield currently unavailable)
rNeg    . . .        u - +2 leather armour of Fuolats {rCorr Str+2}
rPois   .            t - +2 helmet
rElec   .            z - +2 cloak
rCorr   +            w - +0 pair of gloves
SInv    .            (no boots)
Will    +....        D - amulet of the acrobat
Stlth   +++          o - +6 ring of intelligence
HPRegen 0.37/turn    p - +5 ring of evasion
MPRegen 0.20/turn

%: acrobat
@: lethally poisoned (-2 -> -54), very slightly contaminated
A: high MP 1, forlorn, divine attributes
a: no special abilities


You were on level 15 of the Dungeon.
You visited 1 branch of the dungeon, and saw 15 of its levels.
You also visited: Bailey.

You collected 1229 gold pieces.
You spent 220 gold pieces at shops.

Inventory:

Hand Weapons
 a - a +0 orcbow (weapon)
 i - a +0 dagger
Missiles
 k - 53 poisoned darts
 y - 2 atropa-tipped darts
 K - 12 boomerangs
Armour
 t - a +2 helmet (worn)
 u - the +2 leather armour of Fuolats (worn) {rCorr Str+2}
   (You found it on level 13 of the Dungeon)

   Str+2:     It affects your strength (+2).
   rCorr:     It protects you from acid and corrosion.
 w - a +0 pair of gloves (worn)
 z - a +2 cloak (worn)
 C - an orb of guile
 S - a +0 troll leather armour
Magical Staves
 q - a staff of fire
Jewellery
 o - a +6 ring of intelligence (left hand)
 p - a +5 ring of evasion (right hand)
 D - an amulet of the acrobat (around neck)
 L - a ring of wizardry
 Q - a ring of magical power
Wands
 g - a wand of digging (3)
 P - a wand of roots (12)
 T - a wand of light (7)
 U - a wand of flame (23)
Scrolls
 b - a scroll of torment {unknown}
 c - 4 scrolls of fog
 d - 2 scrolls of revelation {!r}
 h - a scroll of acquirement {unknown}
 n - a scroll of fear
 s - a scroll of noise {unknown}
 v - 8 scrolls of teleportation
 A - a scroll of immolation {unknown}
 B - 2 scrolls of enchant weapon {unknown}
 H - a scroll of poison
 I - 2 scrolls of amnesia
 M - a scroll of brand weapon {unknown}
 N - 2 scrolls of blinking
 O - 3 scrolls of enchant armour
 Y - 3 scrolls of vulnerability {unknown}
 Z - a scroll of butterflies {unknown}
Potions
 f - 7 potions of haste
 l - a potion of cancellation {!q}
 m - a potion of invisibility
 r - a potion of might
 x - a potion of attraction
 F - 3 potions of mutation
 J - 2 potions of brilliance
 V - 2 potions of curing
 W - a potion of resistance {unknown}
 X - a potion of heal wounds


   Skills:
 - Level 8.0 Fighting
 - Level 1.7 Short Blades
 - Level 14.0 Ranged Weapons
 - Level 4.0 Throwing
 - Level 6.0 Dodging
 - Level 6.0 Stealth
 - Level 6.0 Spellcasting
 - Level 8.0 Conjurations
 - Level 8.0 Ice Magic
 + Level 6.9 Air Magic
 - Level 5.0 Evocations


You had 2 spell levels left.
You knew the following spells:

 Your Spells              Type           Power      Damage    Failure   Level
a - Mercury Vapours       Alch/Air       50%        N/A       3%          2
b - Frozen Ramparts       Ice            98%        1d15      1%          3
c - Summon Lightning Spi  Summ/Air       25%        N/A       21%         4
e - Ensorcelled Hibernat  Hex/Ice        56%        N/A       2%          2
q - Hailstorm             Conj/Ice       49%        3d10      1%          3
s - Swiftness             Air            44%        N/A       1%          3
w - Freezing Cloud        Conj/Ice/Air   23%        6-21      11%         5

Your spell library contained the following spells:

 Spells                   Type           Power      Damage    Failure   Level
 Freeze                   Ice            100%       1d10      1%          1
 Shock                    Conj/Air       100%       1d9       1%          1
 Lesser Beckoning         Tloc           14%        N/A       13%         2
 Mephitic Cloud           Conj/Alch/Air  33%        N/A       3%          3
 Dazzling Flash           Conj/Hex       56%        N/A       4%          3
 Arcjolt                  Conj/Air       23%        1d33      11%         5
 Vhi's Electric Charge    Tloc/Air       50%        N/A       21%         4
 Gell's Gravitas          Tloc           7%         N/A       26%         3
 Passwall                 Erth           7%         N/A       26%         3
 Teleport Other           Tloc           7%         N/A       26%         3
 Silence                  Hex/Air        12%        N/A       50%         5
 Animate Armour           Summ/Erth      14%        N/A       63%         4
 Curse of Agony           Necr           7%         N/A       93%         5
 Lee's Rapid Deconstruct  Erth           3%         3d5*      93%         5
 Maxwell's Capacitive Co  Air            22%        ∞         100%        8
 Chain Lightning          Conj/Air       23%        3d30      100%        9


Dungeon Overview and Level Annotations

Branches:
Dungeon (15/15) Zot: 26123  Temple (0/1) D:7            Lair (0/5) D:8
    Orc (0/2) D:12         Vaults (0/5) D:13         Bailey (visited)
 Depths: D:15

Shops:
D:6 (:=

Annotations:
D:5 1 runed translucent door, WhiteBreeze's ghost, novice TrSh
D:6 exclusion: door
D:11 exclusion: 3 skeletal warriors
D:15 exclusion: door, Azrael; Nessos


Innate Abilities, Weirdness & Mutations

You have an increased reservoir of magic. (+10% MP)
You shall have no god before yourself.
Your divine heritage dramatically boosts your attributes as you level up.


Message History

Okay, then.
Casting: Ensorcelled Hibernation (safe; 2% risk of failure)
Confirm with . or Enter, or press ? or * to list all spells.
Okay, then.
Throw: dart (curare) {!f}
Press: ? - help, Q - select action, (/) - cycle Shift-Dir - straight line, f - Nessos
Aim: Nessos, wearing a +1 barding (wandering, hasn't noticed you, 76% to hit)
You throw a curare-tipped dart {!f}.
The curare-tipped dart {!f} hits Nessos.
Nessos is poisoned.
Nessos struggles to breathe.
Nessos seems to slow down.
Nessos is lightly wounded.
Nessos wields a +2 longbow of flaming.
It bursts into flame!
Nessos shoots an arrow.
The arrow hits you!! The arrow burns you.
You take 20 damage, and have 87/107 hp.
Casting: Ensorcelled Hibernation (safe; 2% risk of failure)
Confirm with . or Enter, or press ? or * to list all spells.
Okay, then.
Casting: Ensorcelled Hibernation (safe; 2% risk of failure)
Confirm with . or Enter, or press ? or * to list all spells.
You can't see any susceptible monsters within range! (Use Z to cast anyway.) Unknown command.
Casting: Ensorcelled Hibernation (safe; 2% risk of failure)
Confirm with . or Enter, or press ? or * to list all spells.
Okay, then.
You shoot an arrow. The arrow hits Nessos!
Nessos is moderately wounded.
You start resting.
Nessos is nearby!
Casting: Ensorcelled Hibernation (safe; 2% risk of failure)
Confirm with . or Enter, or press ? or * to list all spells.
Okay, then.
Casting: Ensorcelled Hibernation (safe; 2% risk of failure)
Confirm with . or Enter, or press ? or * to list all spells.
Aiming: Mercury Vapours (safe; 3% risk of failure)
Press: ? - help, Dir - move target, f/p - Nessos
Aim: Nessos, wielding a +2 longbow of flaming and wearing a +1 barding (moderately wounded, very poisoned, slow, chance to weaken: 38%) Fumes of mercury billow around Nessos!
Nessos looks even sicker.
Nessos shoots an arrow.
The arrow hits you! The arrow burns you!
You take 22 damage, and have 66/107 hp.
MASSIVE DAMAGE!!
You now have 24/26 mp.
Casting: Mercury Vapours (safe; 3% risk of failure)
Confirm with . or Enter, or press ? or * to list all spells.
Aiming: Mercury Vapours (safe; 3% risk of failure)
Press: ? - help, Dir - move target, f/p - Nessos
Aim: Nessos, wielding a +2 longbow of flaming and wearing a +1 barding (moderately wounded, very poisoned, slow, chance to weaken: 38%)
Okay, then.
Casting: Mercury Vapours (safe; 3% risk of failure)
Confirm with . or Enter, or press ? or * to list all spells.
Aiming: Mercury Vapours (safe; 3% risk of failure)
Press: ? - help, Dir - move target, f/p - Nessos
Aim: Nessos, wielding a +2 longbow of flaming and wearing a +1 barding (moderately wounded, very poisoned, slow, chance to weaken: 38%) Fumes of mercury billow around Nessos!
Nessos looks as sick as possible!
Nessos gestures wildly while chanting.
Nessos seems to speed up.
You now have 22/26 mp.
Casting: Mercury Vapours (safe; 3% risk of failure)
Confirm with . or Enter, or press ? or * to list all spells.
Aiming: Ensorcelled Hibernation (safe; 2% risk of failure)
Press: ? - help, Shift-Dir - straight line, f/p - Nessos
Aim: Nessos, wielding a +2 longbow of flaming and wearing a +1 barding (moderately wounded, fast, extremely poisoned, slow, chance to affect: 59%)
You miscast Ensorcelled Hibernation.
You are very lightly contaminated with residual magic.
Nothing appears to happen.
Nessos shoots an arrow.
The arrow hits you! The arrow burns you.
You are poisoned.
You take 12 damage, and have 55/107 hp.
You now have 20/26 mp.
Casting: Ensorcelled Hibernation (safe; 2% risk of failure)
Confirm with . or Enter, or press ? or * to list all spells.
Aiming: Ensorcelled Hibernation (safe; 2% risk of failure)
Press: ? - help, Shift-Dir - straight line, f/p - Nessos
Aim: Nessos, wielding a +2 longbow of flaming and wearing a +1 barding (heavily wounded, fast, extremely poisoned, slow, chance to affect: 59%) Nessos resists with significant effort.
You feel very sick.
Nessos shoots an arrow.
The arrow hits you!!
* * * LOW HITPOINT WARNING * * *
The arrow burns you.
You are more poisoned.
* * * LOW HITPOINT WARNING * * *
Nessos shoots an arrow.
The arrow hits you!
* * * LOW HITPOINT WARNING * * *
The arrow burns you.
You are more poisoned.
* * * LOW HITPOINT WARNING * * *
You take 47 damage, and have 8/107 hp.
MASSIVE DAMAGE!!
You now have 18/26 mp.
Okay, then.
You are lethally poisoned (8 -> -43).
You are very lightly contaminated with residual magic.
Your movement speed is average.
Your attack delay is about 0.8.
Your damage rating with your +0 orcbow is about 21 (Base 11 x 132% (Dex) x 145% (Skill)).
Your base attributes are Str 13, Int 20, Dex 23.
You are lethally poisoned (8 -> -43).
You are very lightly contaminated with residual magic.
Your movement speed is average.
Your attack delay is about 0.8.
Your damage rating with your +0 orcbow is about 21 (Base 11 x 132% (Dex) x 145% (Skill)).
Your base attributes are Str 13, Int 20, Dex 23.
Okay, then.
Unknown command.
Unknown command.
As you read the scroll of fear, it crumbles to dust.
You assume a fearsome visage.
Nessos looks frightened!
You die...

##.##.......................
###.....###...(...###.......
...#......##....###.#.......
..........#....###.....^....
...............###..#.......
..............c##..##......#
.)...<.##......##....†.....#
.......#........#..#..##...#
.......#........@..##.# #
.................### ##
.#....##......####
##..........###
#.....)......#
#............#
###...###...## ###.# #####
###


You could see Nessos (fast, fleeing, extremely poisoned, slow).

Vanquished Creatures
  3 hydras
  A rakshasa (D:15)
  3 vault guards (D:13)
  A death knight (D:14)
  2 boulder beetles
  5 two-headed ogres
  2 centaur warriors
  2 tengu warriors
  2 necromancers (D:13)
  3 arcanists (D:13)
  A deep elf pyromancer (D:15)
  4 manticores
  3 ugly things (D:15)
  3 cyclopes
  A black mamba (shapeshifter) (D:15)
  A gargoyle (D:10)
  An unseen horror (D:12)
  2 komodo dragons
  3 kobold demonologists
  2 tengu conjurers (D:14)
  10 trolls
  2 hornets
  16 yaks
  17 humans (D:13)
  2 wraiths
  A vampire (D:13)
  2 basilisks
  A steam dragon (D:7)
  24 vampire mosquitoes
  A hell hound (D:15)
  An acid dragon (D:10)
  A water moccasin (D:8)
  An orc warrior (D:9)
  An ice beast (D:6)
  3 sky beasts
  A black bear (D:6)
  3 ogres
  9 centaurs
  4 boggarts (D:15)
  6 kobold brigands
  3 bullfrogs
  2 gnoll sergeants
  6 scorpions
  4 wights (D:10)
  18 killer bees
  4 howler monkeys
  3 hounds
  3 gnoll boudas
  3 orc priests
  2 jellies (D:7)
  4 iguanas
  A sleepcap (D:7)
  12 orc wizards
  Robin (D:1)
  23 gnolls
  4 adders
  A shadow imp (D:8)
  2 white imps
  A ribbon worm (D:2)
  7 dart slugs
  42 orcs
  6 bats
  9 endoplasms
  A giant cockroach (D:4)
  14 goblins
  15 hobgoblins
  3 quokkas
  7 ball pythons
  5 frilled lizards
  33 kobolds
  8 rats
398 creatures vanquished.

Notes
Turn   | Place    | Note
-------+----------+-------------------------------------------
     0 | D:5      | EngineV8 the Demigod Delver began the quest for the Orb.
     0 | D:5      | Reached XP level 1. HP: 18/18 MP: 3/3
   172 | D:4      | Noticed an ogre
   199 | D:4      | Noticed an ogre
   268 | D:3      | Reached skill level 5 in Stealth
   332 | D:3      | Reached XP level 2. HP: 25/25 MP: 4/4
   740 | D:1      | Reached XP level 3. HP: 29/31 MP: 5/5
  1486 | D:2      | Noticed Robin
  1556 | D:1      | Killed Robin
  1714 | D:2      | Reached XP level 4. HP: 40/40 MP: 6/6
  2037 | D:3      | Got the Catalogue of Weather
  2045 | D:3      | Reached skill level 1 in Throwing
  2995 | D:4      | Reached XP level 5. HP: 36/46 MP: 7/7
  3713 | D:4      | Killed an ogre
  3808 | D:4      | Killed an ogre
  3809 | D:4      | Reached skill level 5 in Fighting
  3809 | D:4      | Reached XP level 6. HP: 56/56 MP: 8/8
  4603 | D:5      | Noticed WhiteBreeze's ghost (novice TrSh)
  4606 | D:5      | Found a runed translucent door.
  4800 | D:5      | Reached XP level 7. HP: 56/62 MP: 9/9
  6021 | D:6      | Found Diaty's Book Shop.
  6024 | D:6      | Bought a book of Frost for 220 gold pieces
  6028 | D:6      | Learned a level 3 spell: Frozen Ramparts
  6030 | D:6      | Learned a level 1 spell: Freeze
  6106 | D:6      | Reached skill level 1 in Ice Magic
  6315 | D:6      | Found Zoepn's Jewellery Shop.
  6711 | D:6      | Found Omidghe's Antique Weapon Emporium.
  6769 | D:6      | Reached XP level 8. HP: 70/70 MP: 10/10
  7212 | D:7      | Found a flagged portal.
  7228 | Bailey   | Entered a bailey
  7294 | D:7      | Found a staircase to the Ecumenical Temple.
  7428 | D:7      | Reached skill level 5 in Ice Magic
  7541 | D:7      | Reached skill level 1 in Spellcasting
  7972 | D:7      | Noticed a manticore
  7972 | D:7      | Noticed a hornet
  7983 | D:7      | Killed a hornet
  7989 | D:7      | Killed a manticore
  7990 | D:7      | Reached skill level 5 in Dodging
  7990 | D:7      | Reached XP level 9. HP: 56/78 MP: 7/15
  8476 | D:8      | Upgraded the game from 0.31-a0-1447-g87ca8d4 to
                  | 0.31-a0-1525-g4574a07
  8526 | D:8      | Learned a level 3 spell: Hailstorm
  9584 | D:8      | Noticed a two-headed ogre
  9779 | D:8      | Killed a two-headed ogre
  9780 | D:8      | Reached skill level 2 in Ranged Weapons
  9780 | D:8      | Reached skill level 1 in Evocations
  9866 | D:8      | Found a staircase to the Lair.
  9867 | D:8      | Noticed a komodo dragon
  9899 | D:8      | Killed a komodo dragon
  9900 | D:8      | Reached skill level 3 in Ranged Weapons
  9900 | D:8      | Reached XP level 10. HP: 68/88 MP: 16/19
 10375 | D:9      | Reached skill level 4 in Ranged Weapons
 10647 | D:9      | Reached skill level 5 in Ranged Weapons
 10662 | D:9      | Reached skill level 5 in Spellcasting
 10802 | D:9      | Reached skill level 6 in Ranged Weapons
 10812 | D:9      | Reached skill level 7 in Ranged Weapons
 11404 | D:10     | Entered Level 10 of the Dungeon
 11422 | D:10     | Reached skill level 8 in Ranged Weapons
 12217 | D:11     | Noticed a manticore
 12244 | D:11     | Killed a manticore
 12245 | D:11     | Reached XP level 11. HP: 44/94 MP: 22/22
 12333 | D:11     | Noticed a two-headed ogre
 12343 | D:11     | Killed a two-headed ogre
 12344 | D:11     | Reached skill level 9 in Ranged Weapons
 12388 | D:11     | Noticed a skeletal warrior
 12549 | D:11     | Reached skill level 10 in Ranged Weapons
 12861 | D:11     | Noticed a skeletal warrior
 12878 | D:11     | Noticed a skeletal warrior
 13152 | D:12     | Reached skill level 11 in Ranged Weapons
 13195 | D:12     | Found a staircase to the Orcish Mines.
 13316 | D:12     | Reached skill level 12 in Ranged Weapons
 13424 | D:12     | Reached skill level 1 in Conjurations
 13651 | D:12     | Noticed a two-headed ogre
 13657 | D:12     | Killed a two-headed ogre
 14120 | D:13     | Noticed a tengu warrior
 14136 | D:13     | Reached skill level 13 in Ranged Weapons
 14147 | D:13     | Killed a tengu warrior
 14358 | D:13     | Noticed a two-headed ogre
 14365 | D:13     | Killed a two-headed ogre
 14637 | D:13     | Identified the +2 leather armour of Fuolats {rCorr Str+2}
 14674 | D:13     | Reached XP level 12. HP: 101/101 MP: 25/25
 14722 | D:13     | Noticed a vault guard
 14748 | D:13     | Killed a vault guard
 14923 | D:13     | Reached skill level 5 in Conjurations
 14923 | D:13     | Noticed a vault guard
 14953 | D:13     | Killed a vault guard
 15006 | D:13     | Noticed a vault guard
 15028 | D:13     | Killed a vault guard
 15029 | D:13     | Reached skill level 5 in Evocations
 15137 | D:13     | Found a gate to the Vaults.
 15177 | D:13     | Learned a level 5 spell: Freezing Cloud
 15182 | D:13     | Learned a level 4 spell: Summon Lightning Spire
 15320 | D:13     | Reached skill level 1 in Air Magic
 15362 | D:13     | Reached skill level 14 in Ranged Weapons
 15433 | D:13     | Noticed a boulder beetle
 15458 | D:13     | Killed a boulder beetle
 15947 | D:14     | Noticed a four-headed hydra
 15960 | D:14     | Killed a four-headed hydra
 16128 | D:14     | Noticed a death knight
 16157 | D:14     | Killed a death knight
 16519 | D:14     | Noticed a centaur warrior
 16526 | D:14     | Killed a centaur warrior
 17214 | D:15     | Entered Level 15 of the Dungeon
 17216 | D:15     | Noticed a boulder beetle
 17217 | D:15     | Noticed a seven-headed hydra
 17224 | D:15     | Noticed an ogre mage
 17224 | D:15     | Killed a seven-headed hydra
 17239 | D:15     | Reached XP level 13. HP: 84/107 MP: 4/26
 17388 | D:15     | Noticed Azrael
 17425 | D:15     | Reached skill level 5 in Air Magic
 17508 | D:15     | Learned a level 3 spell: Swiftness
 18084 | D:15     | Noticed Nessos
 18093 | D:15     | Learned a level 2 spell: Mercury Vapours
 18096 | D:15     | Learned a level 2 spell: Ensorcelled Hibernation
 18105 | D:15     | Succumbed to Nessos's poison

Illustrated notes

Levels and vault maps discovered:
D:1:      grunt_arrival_crossed_arrows, layout_rooms, kennysheep_boxes
D:2:      layout_basic, amcnicky_mini_pool_small, uniq_robin
D:3:      layout_loops_ring, old_standard_altar
D:4:      layout_basic, regret_index_xom_buried_treasure,
          nicolae_ossuary_entry_monument, grunt_ministairs_14, minmay_unequal
D:5:      layout_rooms, hellmonk_ghost_happy_afterlife, roderic_serpentine_path
D:6:      layout_loops_corners, nicolae_ru_awakened_eye,
          lemuel_mausoleum_altar_kikubaaqudgha, serial_shops,
          nicolae_book_shop_shelving, shop, nicolae_shop_rolling_square,
          minmay_misc_feat_cross
D:7:      layout_cave_pools, minmay_temple_entry_junction, enter_bailey_3,
          minmay_manual_mandibuliform
D:8:      layout_gridville, nicolae_overflow_hidden_temple, david_lair_shrubbed
D:9:      layout_loops_ring, mainiacjoe_overflow_alcove_1,
          mainiacjoe_overflow_big_doors, minmay_quadrilaterals
D:10:     layout_roguey, mainiacjoe_overflow_cross_hatched, lemuel_round_altar,
          nemelex_spade_bored_becter
D:11:     layout_irregular_city
D:12:     layout_loops_ring, erik_orc_3
D:13:     layout_basic, grunt_vaults_entry_tiered, nicolae_figureground_sparkle
D:14:     layout_stronghold, minmay_misc_feat_iff
D:15:     grunt_enter_depths_snipers, layout_cave_pools,
          minmay_misc_feat_ornament, vehumet_altar_wand_db, uniq_nessos,
          uniq_azrael, uniq_agnes

Skill      XL: |  1  2  3  4  5  6  7  8  9 10 11 12 13 |
---------------+----------------------------------------+-----
Stealth        | 5 6 |  6.0
Fighting       | 3 4 5 6 8 |  8.0
Throwing       | 2 3 4 |  4.0
Dodging        | 3 4 5 6 |  6.0
Ice Magic      | 3 6 7 8 |  8.0
Spellcasting   | 2 4 5 6 |  6.0
Ranged Weapons | 3 8 13 14 | 14.0
Evocations     | 1 3 5 |  5.0
Conjurations   | 4 7 8 |  8.0
Air Magic      | 4 6 |  6.9
Short Blades   | |  1.7

Action                     |  1- 3 |  4- 6 |  7- 9 | 10-12 | 13-15 || total
---------------------------+-------+-------+-------+-------+-------++-------
  Melee: Short sword       |   240 |   185 |   243 |       |       ||   668
         Punch             |     4 |     4 |     4 |       |       ||    12
         Mace              |       |     2 |       |       |       ||     2
         Hand axe          |       |       |    14 |       |       ||    14
   Fire: Sling             |       |       |     1 |       |       ||     1
         Orcbow            |       |       |       |   525 |    64 ||   589
  Throw: Stone             |     3 |     3 |     2 |       |       ||     8
         Dart              |       |    35 |    48 |     7 |     1 ||    91
         Boomerang         |       |       |    13 |       |       ||    13
   Cast: Freeze            |       |       |    89 |    44 |       ||   133
         Frozen Ramparts   |       |       |    23 |    59 |     4 ||    86
         Hailstorm         |       |       |       |    22 |     1 ||    23
         Freezing Cloud    |       |       |       |    18 |     9 ||    27
         Mercury Vapours   |       |       |       |       |     2 ||     2
         Ensorcelled Hiber |       |       |       |       |     1 ||     1
  Evoke: Wand              |       |       |       |     7 |       ||     7
    Use: Scroll            |       |     4 |    11 |     3 |     2 ||    20
         Potion            |       |       |     1 |     4 |       ||     5
   Stab: Sleeping          |     6 |     4 |     4 |       |       ||    14
         Distracted        |       |     1 |       |       |       ||     1
         Invisible         |       |     1 |     1 |       |       ||     2
 Armour: Leather armour    |    56 |       |       |    54 |    28 ||   138
         Ring mail         |    65 |    98 |   179 |    18 |       ||   360
         Skin              |       |       |    27 |    32 |       ||    59
         Troll leather arm |       |       |       |   122 |       ||   122
  Dodge: Dodged            |   118 |   137 |   230 |   248 |    47 ||   780

Table legend: (Time is in decaauts)
 A = Elapsed time spent in this place.
 B = Non-inter-level travel time spent in this place.
 C = Inter-level travel time spent in this place.
 D = Time resting spent in this place.
 E = Time spent auto-exploring this place.
 F = Levels seen in this place.
 G = Mean time per level.
                   A        B        C        D        E       F      G
               +--------+--------+--------+--------+--------+-----+--------+
         Total |  18015 |  17506 |    509 |   4284 |   6307 |  16 | 1125.9 |
       Dungeon |  17989 |  17480 |    509 |   4284 |   6307 |  15 | 1199.3 |
        Bailey |     25 |     25 |      0 |      0 |      0 |   1 |   25.0 |
               +--------+--------+--------+--------+--------+-----+--------+

Top non-repeatable levels by time:
     D:8: 1766 daAuts
     D:5: 1756 daAuts
     D:4: 1732 daAuts
    D:13: 1619 daAuts
    D:14: 1573 daAuts
     D:7: 1263 daAuts
     D:6: 1191 daAuts
     D:9: 1145 daAuts
    D:12: 1010 daAuts
    D:11: 968 daAuts
     D:3: 862 daAuts
     D:2: 829 daAuts
     D:1: 791 daAuts
    D:15: 744 daAuts
    D:10: 734 daAuts
